 Dungeon Crawl Stone Soup version 0.26.0-45-g9c1d065592 (webtiles) character file.

Game seed: 2195136158935835338

5761 hawla the Destroyer (level 10, -5/109 HPs)
             Began as a Grey Draconian Conjurer on Jan 29, 2021.
             Was an Initiate of Gozag.
             Slain by a death yak (18 damage)
             ... on level 9 of the Dungeon.
             The game lasted 00:35:10 (12632 turns).

hawla the Destroyer (Grey Draconian Conjurer)      Turns: 12632, Time: 00:35:10

Health: -5/109     AC: 25    Str: 10    XL:     10   Next: 49%
Magic:  15/32      EV:  2    Int: 22    God:    Gozag
Gold:   1721       SH:  4    Dex:  9    Spells: 15/27 levels left

rFire    . . .     SeeInvis .   c - +1 dagger (venom)
rCold    . . .     Faith    .   s - +0 buckler
rNeg     + + +     Spirit   .   (armour unavailable)
rPois    +         Reflect  .   (helmet currently unavailable)
rElec    .         Harm     .   (cloak currently unavailable)
rCorr    .         Rampage  .   (gloves currently unavailable)
Will     .....     NoTele   +   (boots currently unavailable)
Stlth    ++........             y - amulet of the acrobat
HPRegen  0.28/turn              l - ring of magical power
MPRegen  0.23/turn              o - +4 ring of evasion

@: brilliant, tree-form, very slightly contaminated
A: (walk through water), unfitting armour, AC +12
a: Renounce Religion, Potion Petition, Call Merchant, Bribe Branch


You were on level 9 of the Dungeon.
You worshipped Gozag.
Gozag was most pleased with you.
You were a tree.
You visited 2 branches of the dungeon, and saw 11 of its levels.

You collected 1798 gold pieces.
You paid 77 gold pieces to Gozag.

Inventory:

Hand Weapons
 c - a +1 dagger of venom (weapon)
 D - a +0 quarterstaff
Missiles
 f - 8 silver boomerangs
 h - 23 poisoned darts
 r - 10 boomerangs
Armour
 p - a +0 cloak (melded)
 s - a +0 buckler (worn)
 v - a +0 pair of boots (melded)
 C - a +2 hat (melded)
Jewellery
 l - a ring of magical power (left branch)
 o - a +4 ring of evasion (right branch)
 y - an amulet of the acrobat (around neck)
 F - the ring "Astonor" {+Fly rPois rN+++ Will+ MP-9}
   (You found it on level 8 of the Dungeon)

   [ring of willpower]

   It protects you from poison.
   It renders you almost immune to negative energy.
   It affects your willpower, your defense against some magical effects.
   It affects your magic capacity (-9).
   It lets you fly.
 H - an uncursed ring of wizardry
 I - an uncursed ring of protection from fire
 J - an uncursed ring of see invisible {unknown}
Wands
 i - a wand of digging (12)
 q - a wand of flame (8)
 w - a wand of enslavement (12)
 z - a wand of random effects (15)
 A - a wand of polymorph (11)
 B - a wand of paralysis (8)
 E - a wand of acid (4)
Scrolls
 b - 2 scrolls of enchant armour
 d - 2 scrolls of amnesia
 j - 3 scrolls of enchant weapon
 m - 4 scrolls of remove curse
 n - 3 scrolls of fear
 u - 3 scrolls of teleportation
Potions
 e - 3 potions of haste
 g - 2 potions of mutation
 k - a potion of curing
 t - 2 potions of flight


   Skills:
 - Level 2.0 Fighting
 - Level 4.0 Staves
 - Level 1.0 Throwing
 - Level 1.7 Dodging
 - Level 1.7 Stealth
 - Level 4.0 Shields
 + Level 9.4 Spellcasting
 + Level 10.4 Conjurations
 + Level 0.8 Necromancy
 - Level 3.0 Translocations
 + Level 0.8 Transmutations
 + Level 1.0 Earth Magic
 + Level 0.8 Evocations


You had 15 spell levels left.
You knew the following spells:

 Your Spells              Type           Power        Failure   Level
a - Magic Dart            Conj           100%         1%          1
b - Searing Ray           Conj           100%         1%          2
c - Iskenderun's Mystic   Conj/Tloc      56%          4%          4
d - Vampiric Draining     Necr           10%          14%         3
e - Passwall              Tmut/Erth      17%          7%          2

Your spell library contained the following spells:

 Spells                   Type           Power        Failure   Level
 Stone Arrow              Conj/Erth      100%         1%          3
 Dazzling Flash           Conj/Hex       98%          2%          3
 Animate Skeleton         Necr           42%          4%          1
 Beastly Appendage        Tmut           40%          4%          1
 Pain                     Necr           84%          4%          1
 Sandblast                Erth           44%          4%          1
 Corona                   Hex            16%          6%          1
 Wereblood                Tmut           20%          7%          2
 Fulminant Prism          Conj/Hex       24%          8%          4
 Ensorcelled Hibernation  Hex/Ice        30%          10%         2
 Spider Form              Tmut/Pois      9%           16%         3
 Confusing Touch          Hex            15%          19%         3
 Tukima's Dance           Hex            15%          19%         3
 Animate Dead             Necr           10%          41%         4
 Petrify                  Tmut/Erth      21%          41%         4
 Ice Form                 Ice/Tmut       18%          47%         4
 Lee's Rapid Deconstruct  Erth           11%          75%         5
 Agony                    Necr           21%          77%         5
 Blade Hands              Tmut           10%          77%         5


Dungeon Overview and Level Annotations

Branches:
Dungeon (10/15)            Temple (1/1) D:4            Lair (0/6) D:10
    Orc: D:9-12

Altars:
Ashenzari
Cheibriados
Dithmenos
Elyvilon
Fedhas
Gozag
Hepliaklqana
Kikubaaqudgha
Makhleb
Nemelex Xobeh
Okawaru
Qazlal
Ru
Sif Muna
Trog
Uskayaw
Vehumet
Wu Jian
Xom
Yredelemnul
Zin
The Shining One

Shops:
D:4 [((?   D:8 (

Annotations:
D:6 3 runed translucent doors, thiole's ghost, novice TrBe
D:9 exclusion: orange crystal statue


Innate Abilities, Weirdness & Mutations

((You can walk through water.))
((Your dull iron-grey scales are very hard. (AC +12)))
You cannot fit into any form of body armour.
((You can survive without breathing.))
((You are cold-blooded and may be slowed by cold attacks.))


Message History

The death yak is severely wounded.
The death yak gores you!
* * * LOW HITPOINT WARNING * * *
You block the death yak's attack.
You hit the death yak but do no damage.
The death yak is poisoned.
The death yak is lightly wounded.
The death yak gores you but does no damage.
The death yak gores you.
* * * LOW HITPOINT WARNING * * *
You hit the death yak but do no damage.
The death yak looks as sick as possible!
The death yak is lightly wounded.
The death yak gores you but does no damage. x2
You feel better. The death yak barely misses you.
The death yak gores you but does no damage.
You feel clever all of a sudden.
The death yak gores you but does no damage.
The death yak gores you!!
You die...
Your body crumbles into a pile of gold.

.#....##.###....###......#
.#...##..# ###..###......#
....###).######........###
....#<..###.....##.......# ####
##.[....##.....####.#....###..###
##.)..###......# ##......#......
##..####...###.#####.............
......#....##..[#Y##.............
................♣.##.............
..............##Y)...............
........#.....###...........#.8..
........#.....####.#.............
...............# #.####.......8.#
...............###.####...#.....#
...................#.....##...8.#
................#.)#....####....#
.......................## #..8.#


You could see 2 death yaks.

Vanquished Creatures
  Joseph (D:8)
  A troll (D:9)
  A wyvern (D:9)
  2 water moccasins
  2 black bears
  Duvessa (D:7)
  2 sky beasts
  3 orc warriors
  3 ice beasts
  5 ogres
  6 centaurs
  5 bullfrogs
  A big kobold (D:6)
  A gnoll sergeant (D:9)
  A wyvern zombie (D:10)
  A scorpion (D:6)
  6 killer bees
  Dowan (D:7)
  4 electric eels (D:9)
  6 wights
  2 quasits
  2 centaur skeletons
  A gnoll shaman (D:6)
  4 hounds
  2 jellies
  8 orc priests
  15 orc wizards
  An iguana (D:4)
  7 worker ants
  A hound skeleton (D:6)
  12 gnolls
  12 adders
  3 white imps
  2 ufetubi
  2 adder skeletons
  2 adder zombies
  4 worms
  9 dart slugs
  5 leopard geckos
  45 orcs
  4 giant cockroaches
  14 hobgoblins
  10 jackals
  10 kobolds
  6 quokkas
  2 ball pythons
  12 bats
  12 frilled lizards
  10 goblins
  A jackal skeleton (D:7)
  A jackal zombie (D:5)
  A quokka zombie (D:3)
  8 rats
283 creatures vanquished.

Vanquished Creatures (others)
  6 plants (D:9)
6 creatures vanquished.

Grand Total: 289 creatures vanquished

Notes
Turn   | Place    | Note
-------+----------+-------------------------------------------
     0 | D:1      | hawla the Draconian Conjurer began the quest for the Orb.
     0 | D:1      | Reached XP level 1. HP: 14/14 MP: 3/3
   218 | D:1      | Reached skill level 1 in Fighting
   241 | D:1      | Reached XP level 2. HP: 15/23 MP: 0/5
   881 | D:1      | Reached XP level 3. HP: 29/29 MP: 2/7
  1190 | D:1      | Learned a level 2 spell: Searing Ray
  1734 | D:2      | Reached XP level 4. HP: 36/36 MP: 4/8
  1739 | D:2      | Learned a level 4 spell: Iskenderun's Mystic Blast
  2888 | D:3      | Reached skill level 1 in Throwing
  2888 | D:3      | Reached skill level 1 in Translocations
  2953 | D:3      | Reached XP level 5. HP: 34/41 MP: 5/10
  3616 | D:3      | Reached skill level 5 in Conjurations
  3616 | D:3      | Reached XP level 6. HP: 21/48 MP: 5/12
  4586 | D:4      | Found a staircase to the Ecumenical Temple.
  4607 | Temple   | Entered the Ecumenical Temple
  4832 | Temple   | Became a worshipper of Gozag Ym Sagoz the Greedy
  5089 | D:4      | Found Zatupsaj's Weapon Shop.
  5163 | D:4      | Found Disor's Magic Scroll Shop.
  5231 | D:4      | Your scales start taking on a dull iron-grey colour.
  5231 | D:4      | Reached XP level 7. HP: 55/55 MP: 14/14
  5231 | D:4      | Gained mutation: You can survive without breathing. [Grey
                  | Draconian growth]
  5276 | D:4      | Found Gaim's Armour Shop.
  5313 | D:4      | Found Umuaf's Antique Weapon Emporium.
  5544 | D:5      | Entered Level 5 of the Dungeon
  5600 | D:5      | Reached skill level 5 in Spellcasting
  5706 | D:5      | Found an ancient bone altar of Kikubaaqudgha.
  5706 | D:5      | Found a basalt altar of Yredelemnul.
  5706 | D:5      | Found a snail-covered altar of Cheibriados.
  5752 | D:5      | Found a burning altar of Makhleb.
  5754 | D:5      | Found a bloodstained altar of Trog.
  5754 | D:5      | Found an iron altar of Okawaru.
  5754 | D:5      | Found a sacrificial altar of Ru.
  5754 | D:5      | Found a blossoming altar of Fedhas.
  5817 | D:5      | Reached skill level 6 in Conjurations
  6246 | D:6      | Found an iron altar of Okawaru.
  6560 | D:6      | Found a runed translucent gate.
  6560 | D:6      | Found a runed translucent gate.
  6560 | D:6      | Found a runed translucent gate.
  6562 | D:6      | Noticed thiole's ghost (novice TrBe)
  6620 | D:6      | Reached XP level 8. HP: 61/61 MP: 17/17
  6696 | D:6      | Reached skill level 7 in Conjurations
  6908 | D:6      | Reached skill level 1 in Shields
  7582 | D:6      | Reached skill level 8 in Conjurations
  7875 | D:7      | Reached XP level 9. HP: 67/67 MP: 19/19
  8256 | D:7      | Noticed Duvessa
  8256 | D:7      | Noticed Dowan
  8264 | D:7      | Killed Dowan
  8274 | D:7      | Killed Duvessa
  9075 | D:8      | Reached skill level 9 in Conjurations
  9080 | D:8      | Reached skill level 1 in Staves
  9880 | D:8      | Noticed Joseph
  9895 | D:8      | Killed Joseph
 10004 | D:8      | Got an ancient bronze ring
 10006 | D:8      | Identified the ring "Astonor" {+Fly rPois rN+++ Will+ MP-9}
                  | (You found it on level 8 of the Dungeon)
 10163 | D:8      | Reached XP level 10. HP: 53/73 MP: 22/22
 10626 | D:8      | Found Deqe Leme's Antique Weapon Boutique.
 10827 | D:9      | Reached skill level 10 in Conjurations
 10964 | D:9      | Noticed an orange crystal statue
 12204 | D:9      | Learned a level 3 spell: Vampiric Draining
 12207 | D:9      | Learned a level 2 spell: Passwall
 12421 | D:10     | Entered Level 10 of the Dungeon
 12448 | D:10     | Reached skill level 1 in Earth Magic
 12593 | D:10     | Noticed a death yak
 12594 | D:10     | Noticed a death yak
 12595 | D:10     | Noticed a two-headed ogre
 12596 | D:10     | Found a staircase to the Lair.
 12596 | D:10     | Noticed a death yak
 12632 | D:9      | Slain by a death yak

Illustrated notes

Levels and vault maps discovered:
D:1:      dpeg_arrival_rooms_a, layout_loops_ring, chequers_serial_rivers_room_b
D:2:      layout_loops_corners
D:3:      kennysheep_slugbush, layout_basic, minmay_between
D:4:      layout_loops_cross, minmay_temple_entry_butterflies, serial_shops,
          shop, nicolae_shop_waterfront, shop, nicolae_shop_window_shopping
D:5:      layout_rooms, grunt_temple_overflow_open
D:6:      cheibrodos_barr_body, layout_gridville, basic_altar,
          ebering_ghost_rock_garden
D:7:      layout_gridville, uniq_duvessa
D:8:      layout_gridville, serial_shops, shop, uniq_joseph
D:9:      layout_cave_pools, serial_column_ruins, column_ruins_hut,
          column_ruins_corridor_straight, column_ruins_grid_2,
          column_ruins_open_small, column_ruins_columns_straight,
          column_ruins_open_medium, minivault_16, serial_bayou_lake_a
D:10:     minmay_blocky_corners, layout_cave_pools, dpeg_lair_monsters
Temple:   eino_narrow_crystal_temple

Skill      XL: |  1  2  3  4  5  6  7  8  9 10 |
---------------+-------------------------------+-----
Fighting       | 1 2 |  2.0
Spellcasting   | 3 4 6 7 8 9 |  9.4
Throwing       | 1 |  1.0
Translocations | 1 2 3 |  3.0
Conjurations   | 5 6 8 9 10 | 10.4
Shields        | 3 4 |  4.0
Staves         | 3 4 |  4.0
Earth Magic    | 1 |  1.0
Dodging        | |  1.7
Stealth        | |  1.7
Necromancy     | |  0.8
Transmutations | |  0.8
Evocations     | |  0.8

Action                   |  1- 3 |  4- 6 |  7- 9 | 10-12 || total
-------------------------+-------+-------+-------+-------++-------
Melee: Unarmed           |    23 |       |       |       ||    23
       Tailslap          |     3 |    11 |    11 |     9 ||    34
       Dagger            |    14 |   123 |   147 |    71 ||   355
 Cast: Magic Dart        |    59 |    54 |    37 |    22 ||   172
       Searing Ray       |     4 |    24 |    60 |    19 ||   107
       Iskenderun's Myst |       |     5 |    30 |    20 ||    55
  Use: Scroll            |     3 |     3 |    10 |     4 ||    20
       Potion            |       |     2 |     1 |     3 ||     6
 Stab: Sleeping          |       |     1 |       |     1 ||     2
       Distracted        |       |       |     1 |       ||     1
Armor: Skin              |    12 |    40 |    94 |    34 ||   180
Dodge: Dodged            |    23 |   112 |   225 |    88 ||   448
Block: Buckler           |       |       |    33 |    19 ||    52
